 Dungeon Crawl Stone Soup version 0.31-a0-1112-ga3593d9213 (webtiles) character file.

Game seed: 839096059753735067

2120369 Wyvric the Ruinous (level 27, 259/259 HPs)
             Began as a Naga Fire Elementalist on Dec 3, 2023.
             Was the Champion of Cheibriados.
             Escaped with the Orb
             ... and 4 runes on Dec 4, 2023!
             The game lasted 05:05:03 (86244 turns).

Wyvric the Ruinous (Naga Fire Elementalist)        Turns: 86244, Time: 05:05:03

Health: 259/259    AC: 39    Str: 31    XL:     27
Magic:  55/55      EV: 14    Int: 52    God:    Cheibriados [******]
Gold:   1313       SH: 20    Dex: 23    Spells: 6/62 levels left

rFire   + . .        b - +6 Majin-Bo {spellvamp, MP+6 Int+6}
rCold   + . .        r - +5 kite shield {AC+3}
rNeg    + . .        e - +3 faerie dragon scales {rF+ Will++ rCorr MP+9}
rPois   +            (helmet restricted)
rElec   +            I - +2 cloak {Will+}
rCorr   +            H - +0 pair of gloves of Veentypt {Will+ Int+3}
SInv    +            U - +4 barding {Fly}
Will    +++++        L - amulet of the Madman {RegenMP rC+}
Stlth   ++           c - ring "Awkustia" {rElec rF+ Will+ Str+3 Slay+3}
HPRegen 0.63/turn    a - ring "Ajafoxec" {rN+ AC+4 Str+3}
MPRegen 0.74/turn

%: no passive effects
@: flying, studying 2 skills, very slow
A: AC +9, large, see invisible, deformed body, poison resistance, slowness 2,
spit poison 1, naga tail 2, horns 1, iridescent scales 1, clumsy 2, low MP 1,
strong-willed 1, teleportitis 1, weak 1, heat vulnerability 1
0: Orb of Zot
}: 4/15 runes: decaying, serpentine, slimy, silver
a: Spit Poison, Renounce Religion, Bend Time, Temporal Distortion, Slouch, Step
From Time


You escaped.
You worshipped Cheibriados.
Cheibriados was exalted by your worship.
You visited 12 branches of the dungeon, and saw 55 of its levels.
You also visited: Bailey, Ice Cave and Wizlab.

You collected 10620 gold pieces.
You spent 9307 gold pieces at shops.

Inventory:

Hand Weapons
 b - the +6 Majin-Bo (weapon) {spellvamp, MP+6 Int+6}
   (You acquired it on level 4 of the Depths)

   Int+6:     It affects your intelligence (+6).
   MP+6:      It affects your magic capacity (+6).
Missiles
 F - 13 silver javelins
 X - 11 curare-tipped darts
Armour
 e - the +3 faerie dragon scales (worn) {rF+ Will++ rCorr MP+9}
   (You took it off the Enchantress on level 3 of the Depths)

   rF+:       It protects you from fire.
   Will++:    It greatly increases your willpower.
   MP+9:      It affects your magic capacity (+9).
   rCorr:     It protects you from acid and corrosion.
 q - a +2 helmet of intelligence
 r - a +5 kite shield of protection (worn)
 H - the +0 pair of gloves of Veentypt (worn) {Will+ Int+3}
   (You found it on level 3 of the Elven Halls)

   Int+3:     It affects your intelligence (+3).
   Will+:     It increases your willpower.
 I - a +2 cloak of willpower (worn)
 U - a +4 barding of flying (worn)
Jewellery
 a - the ring "Ajafoxec" (right hand) {rN+ AC+4 Str+3}
   (You bought it in a shop on level 2 of the Snake Pit)

   [ring of protection]

   AC+4:      It affects your AC (+4).
   Str+3:     It affects your strength (+3).
   rN+:       It protects you from negative energy.
 c - the ring "Awkustia" (left hand) {rElec rF+ Will+ Str+3 Slay+3}
   (You found it on level 5 of the Pits of Slime)

   [ring of willpower]

   Str+3:     It affects your strength (+3).
   Slay+3:    It affects your accuracy & damage with ranged weapons and melee
   (+3).
   rF+:       It protects you from fire.
   rElec:     It insulates you from electricity.
   Will+:     It increases your willpower.
 A - the ring "Foush" {Ice rCorr Dex+4}
   (You took it off Josephina on level 2 of the Crypt)

   [ring of ice]

   Ice:       It enhances your ice magic.
   Dex+4:     It affects your dexterity (+4).
   rF-:       It makes you vulnerable to fire.
   rC+:       It protects you from cold.
   rCorr:     It protects you from acid and corrosion.
 L - the amulet of the Madman (around neck) {RegenMP rC+}
   (You acquired it on level 1 of the Lair of Beasts)

   [amulet of magic regeneration]

   RegenMP:   It increases your rate of magic regeneration.
   rC+:       It protects you from cold.
 W - a +5 ring of evasion
Wands
 j - a wand of polymorph (45)
 v - a wand of quicksilver (26)
 w - a wand of mindburst (21)
 C - a wand of flame (112)
 D - a wand of digging (22)
 O - a wand of roots (12)
 T - a wand of charming (62)
Scrolls
 g - 7 scrolls of fear
 i - 3 scrolls of torment
 o - 7 scrolls of vulnerability
 p - 13 scrolls of poison
 t - 15 scrolls of teleportation
 y - a scroll of silence
 z - 2 scrolls of fog
 B - a scroll of blinking
 G - 3 scrolls of revelation
 K - 5 scrolls of butterflies
 M - 7 scrolls of immolation
Potions
 d - 9 potions of might
 h - 14 potions of haste
 k - 20 potions of curing
 l - 14 potions of heal wounds
 m - 5 potions of berserk rage
 n - a potion of resistance
 s - 4 potions of attraction
 u - 17 potions of mutation
 x - 4 potions of cancellation
 J - 3 potions of lignification
 N - a potion of invisibility
 P - 10 potions of brilliance
 R - 2 potions of ambrosia
 S - 3 potions of magic
 V - 7 potions of enlightenment
Miscellaneous
 f - a phantom mirror
 E - a box of beasts
 Q - a tin of tremorstones (2/2)
 Y - a lightning rod (4/4)
 Z - a phial of floods


   Skills:
 + Level 17.7 Fighting
 - Level 12.0 Staves
 - Level 6.0 Armour
 + Level 9.9 Dodging
 - Level 9.0 Stealth
 - Level 15.0 Shields
 - Level 18.0 Spellcasting
 - Level 23.0 Conjurations
 - Level 18.0 Summonings
 - Level 6.0 Necromancy
 - Level 12.0 Fire Magic
 - Level 6.0 Ice Magic
 - Level 23.0 Air Magic
 - Level 12.0 Invocations
 - Level 15.0 Evocations


You had 6 spell levels left.
You knew the following spells:

 Your Spells              Type           Power      Damage    Failure   Level
a - Plasma Beam           Fire/Air       61%        2x1d77    1%          6
b - Chain Lightning       Conj/Air       68%        3d91      4%          9
c - Flame Wave            Conj/Fire      100%       2d21      0%          4
k - Blink                 Tloc           92%        N/A       1%          2
l - Spellforged Servitor  Conj/Summ      65%        N/A       1%          7
n - Summon Forest         Summ/Tloc      48%        N/A       1%          5
p - Passwall              Tmut/Erth      38%        N/A       1%          2
u - Ozocubu's Armour      Ice            83%        N/A       1%          3
z - Sublimation of Blood  Necr           83%        N/A       1%          2
L - Summon Hydra          Summ           62%        N/A       1%          7
N - Summon Lightning Spi  Summ/Air       100%       N/A       0%          4
P - Vhi's Electric Charg  Tloc/Air       100%       N/A       1%          4
Y - Apportation           Tloc           92%        N/A       1%          1

Your spell library contained the following spells:

 Spells                   Type           Power      Damage    Failure   Level
 Foxfire                  Conj/Fire      100%       2x1d9     0%          1
 Kiss of Death            Conj/Necr      100%       2d13      0%          1
 Magic Dart               Conj           100%       1d8       0%          1
 Shock                    Conj/Air       100%       1d9       0%          1
 Summon Small Mammal      Summ           100%       N/A       0%          1
 Cigotuvi's Dreadful Rot  Necr/Pois/Air  100%       N/A       0%          2
 Poisonous Vapours        Pois/Air       100%       N/A       0%          2
 Scorch                   Fire           100%       2d9       0%          2
 Searing Ray              Conj           100%       2d8       0%          2
 Static Discharge         Conj/Air       100%       3-8/arc   0%          2
 Dazzling Flash           Conj/Hex       100%       N/A       0%          3
 Hailstorm                Conj/Ice       100%       3d20      0%          3
 Stone Arrow              Conj/Erth      100%       3d13      0%          3
 Swiftness                Air            100%       N/A       0%          3
 Airstrike                Air            68%        2d(10-26) 0%          4
 Sticky Flame             Conj/Fire      100%       2d11      0%          4
 Arcjolt                  Conj/Air       68%        1d78      0%          5
 Fireball                 Conj/Fire      61%        3d23      0%          5
 Iskenderun's Battlesphe  Conj           100%       2d15      0%          5
 Conjure Ball Lightning   Conj/Air       68%        3x3d25    0%          6
 Freeze                   Ice            100%       1d10      1%          1
 Necrotise                Necr           100%       1d9       1%          1
 Sandblast                Erth           92%        2d19      1%          1
 Slow                     Hex            100%       N/A       1%          1
 Ensorcelled Hibernation  Hex/Ice        100%       N/A       1%          2
 Jinxbite                 Hex            92%        N/A       1%          2
 Wereblood                Tmut           46%        N/A       1%          2
 Confusing Touch          Hex            46%        N/A       1%          3
 Frozen Ramparts          Ice            100%       1d16      1%          3
 Gell's Gravitas          Tloc           46%        N/A       1%          3
 Ignite Poison            Fire/Tmut/Pois 73%        N/A       1%          3
 Inner Flame              Hex/Fire       83%        N/A       1%          3
 Sigil of Binding         Hex            46%        N/A       1%          3
 Summon Guardian Golem    Hex/Summ       96%        N/A       1%          3
 Teleport Other           Tloc           46%        N/A       1%          3
 Vampiric Draining        Necr           83%        2d11      1%          3
 Volatile Blastmotes      Fire/Tloc      100%       2d18      1%          3
 Anguish                  Hex/Necr       33%        N/A       1%          4
 Animate Armour           Summ/Erth      100%       N/A       1%          4
 Animate Dead             Necr           83%        N/A       1%          4
 Brom's Barrelling Bould  Conj/Erth      100%       2d11      1%          4
 Dispel Undead            Necr           83%        3d27      1%          4
 Fulminant Prism          Conj/Hex       52%        3d22      1%          4
 Iskenderun's Mystic Bla  Conj/Tloc      100%       2d19      1%          4
 Summon Ice Beast         Ice/Summ       100%       N/A       1%          4
 Agony                    Necr           83%        N/A       1%          5
 Irradiate                Conj/Tmut      52%        3d29      1%          5
 Silence                  Hex/Air        52%        N/A       1%          5
 Starburst                Conj/Fire      61%        6d16      1%          6
 Summon Cactus Giant      Summ           62%        N/A       1%          6
 Borgnjor's Vile Clutch   Necr/Erth      33%        N/A       4%          5
 Metabolic Englaciation   Hex/Ice        33%        N/A       4%          5
 Cause Fear               Hex            23%        N/A       5%          4
 Manifold Assault         Tloc           46%        N/A       5%          4
 Simulacrum               Ice/Necr       41%        N/A       7%          6
 Alistair's Intoxication  Tmut/Pois      30%        N/A       16%         5
 Lee's Rapid Deconstruct  Erth           23%        3d13*     16%         5
 Dispersal                Tloc           23%        N/A       63%         6
 Eringya's Noxious Bog    Tmut/Pois      23%        4d6       63%         6
 Orb of Destruction       Conj           68%        9d16      1%          7
 Haunt                    Necr/Summ      53%        N/A       3%          7
 Lehudib's Crystal Spear  Conj/Erth      52%        10d12     32%         8
 Infestation              Necr           41%        N/A       97%         8
 Enfeeble                 Hex            23%        N/A       99%         7


Dungeon Overview and Level Annotations

Branches:
Dungeon (15/15)            Temple (1/1) D:5            Lair (5/5) D:8
  Swamp (4/4) Lair:3        Snake (4/4) Lair:3        Slime (5/5) Lair:5
    Orc (2/2) D:9             Elf (3/3) Orc:2        Vaults (5/5) D:14
  Crypt (2/3) Vaults:2     Depths (4/4) D:15            Zot (5/5) Depths:4
 Bailey (visited)           IceCv (visited)          WizLab (visited)

Altars:
Ashenzari
Cheibriados
Dithmenos
Elyvilon
Fedhas
Gozag
Hepliaklqana
Kikubaaqudgha
Makhleb
Nemelex Xobeh
Okawaru
Qazlal
Ru
Sif Muna
Trog
Uskayaw
Vehumet
Wu Jian
Xom
Yredelemnul
Zin
The Shining One

Shops:
D:7 (   D:8 *   D:15 (   Orc:2 :![(   Snake:1 !**[!*=   Snake:2 ?=[!
Snake:4 !   Vaults:2 [   Vaults:5 !!:

Portals:
Hell: Depths:1 Depths:2 Depths:3 Depths:4
Abyss: Swamp:1 Depths:1 Depths:3 Depths:4
Pandemonium: Depths:2
Ziggurat: Depths:1


Innate Abilities, Weirdness & Mutations

Your serpentine skin is tough. (AC +9)
You have supernaturally acute eyesight. (SInv)
Armour fits poorly on your strangely shaped body.
Your system is resistant to poisons. (rPois)
You cover ground very slowly.
You can spit poison.
You can use your snake-like lower body to constrict enemies.
You have a pair of small horns on your head.
You are partially covered in iridescent scales. (AC +2)
You are very clumsy. (Dex -4)
Your magical capacity is low. (-10% MP)
You are strong-willed. (Will+)
You are occasionally teleported next to monsters.
You are weak. (Str -2)
You are vulnerable to heat. (rF-)


Message History

Casting: Plasma Beam (safe; 1% risk of failure)
Confirm with . or Enter, or press ? or * to list all spells.
Casting: Plasma Beam (safe; 1% risk of failure)
Press: ? - help, Dir - look around, f - activate The bolt of lightning hits the shadow demon!!
The fiery plasma misses the shadow demon.
Casting: Plasma Beam (safe; 1% risk of failure)
Confirm with . or Enter, or press ? or * to list all spells.
Casting: Plasma Beam (safe; 1% risk of failure)
Press: ? - help, Dir - look around, f - activate The bolt of lightning hits the shadow demon!!
You kill the shadow demon!
Cheibriados appreciates the change of pace.
There is an open door here.
Magic restored.
HP restored.
A hellion comes into view.
The hellion gives a hideous shriek!
The hellion moves out of view.
The hellion gestures at you.
The sphere of damnation explodes!
The damnation engulfs you!!
Casting: Plasma Beam (safe; 1% risk of failure)
Confirm with . or Enter, or press ? or * to list all spells.
Lightning arcs from your hands!
The bolt of lightning hits the hellion!!!!!
You kill the hellion!
Cheibriados appreciates the change of pace.
The bolt of lightning hits you but does no damage.
Magic restored.
An Orb Guardian comes into view.
There is a stone staircase leading up here.
You fly upwards.
There is a stone staircase leading down here.
HP restored.
There is a stone staircase leading up here.
You fly upwards.
There is a stone staircase leading down here.
You see here a +0 mace.
There is a staircase leading out of the dungeon here.
You have escaped!

.###.#...........# ########
..#.##.#########.# #.......
#......# #.# #.###.## ###...##
#.# #.# #.## ....### #.# #.#
#.## ##### ##### #####.# #.## #
####...####.....# #.#. #
######.........#########..# #
##.....)...@..............##
######..####.........#########.#
##.........####...##### #.##
##.#.#.###.##.##### #.# ##.#
.#.#.#.###.##.##.# #.# ##.
.........#.##.##.# #.# ##
>#.#.#.#.#.##.##.# #.#
.#.#.#.#.#.##.##.####.##########
.#.#.#...............#.........#


There were no monsters in sight!

Vanquished Creatures
  the Royal Jelly (Slime:5)
  3 ancient liches
  9 orbs of fire
  A juggernaut (Depths:3)
  Josephina (Crypt:2)
  The ghost of Vaufon the Warrior, a veteran GrFi of the Shining One (Crypt:2)
  The ghost of Leown the Sniper, a legendary KoDe of Makhleb (Zot:1)
  Sojobo (Crypt:1)
  4 Killer Klowns (Zot:5)
  Bai Suzhen (Vaults:2)
  A curse toe (Zot:2)
  5 caustic shrikes
  18 golden dragons
  A profane servitor (D:7)
  2 electric golems (Zot:5)
  A hellephant (Zot:1)
  Zenata (Vaults:4)
  A Brimstone Fiend (Depths:1)
  21 tentacled monstrosities
  3 deep elf blademasters
  2 liches
  2 Ice Fiends
  22 Orb Guardians
  A titan (Depths:3)
  A walking divine tome (Depths:3)
  14 acid blobs
  3 deep elf master archers (Elf:3)
  3 quicksilver dragons
  10 death cobs
  2 sphinxes (Vaults:5)
  Agnes (D:15)
  2 tengu reavers
  16 storm dragons
  5 tentacled starspawn (WizLab)
  13 shadow dragons
  8 draconian monks
  6 fire giants
  9 rockslimes
  15 frost giants
  6 azure jellies
  5 draconian knights
  2 ghost moths
  6 draconian scorchers
  3 deep elf elementalists (Elf:3)
  A balrug (Depths:4)
  8 vault wardens
  2 deep elf sorcerers (Elf:3)
  An iron dragon (Vaults:5)
  3 draconian shifters
  An angel (Zot:3)
  5 draconian annihilators
  3 ghouls (Crypt:1)
  5 very ugly things
  4 spriggan defenders
  5 draconian stormcallers
  9 ironbound preservers
  2 demonspawn corrupters (Depths:1)
  2 cacodemons
  A reaper (Crypt:2)
  11 quicksilver oozes
  2 formless jellyfish (Slime:3)
  8 stone giants
  A war gargoyle (Vaults:5)
  4 ironbound thunderhulks
  3 deep elf demonologists (Elf:3)
  15 green draconians
  3 vampire knights
  18 black draconians
  A lorocyproca (D:10)
  The ghost of Tyvach the Blocker, a journeyman FoFi (Lair:3)
  4 demonspawn black suns (Zot:4)
  4 spark wasps
  10 deep elf annihilators
  23 purple draconians
  12 white draconians
  14 red draconians
  10 yellow draconians
  3 starcursed masses (WizLab)
  8 deep elf death magi
  7 fire dragons
  10 ettins
  A merfolk javelineer (Depths:2)
  An eidolon (Crypt:1)
  11 yaktaur captains
  A jiangshi (Crypt:2)
  3 deep elf high priests
  25 vault guards
  A rakshasa (Depths:3)
  4 hydras
  8 great orbs of eyes
  A ghost crab (Swamp:3)
  A hell beast (Zot:1)
  8 ice dragons
  A sphinx zombie (Depths:2)
  2 catoblepae
  5 centaur warriors
  8 ironbound frosthearts
  3 spriggan air magi (Depths:3)
  2 dancing weapons
  An anaconda (Snake:4)
  2 two-headed ogres (D:10)
  2 boulder beetles
  3 deep troll earth magi
  7 hell hogs
  A death knight (Crypt:1)
  A deep troll shaman (Depths:3)
  3 tengu warriors
  4 naga warriors
  An occultist (Swamp:1)
  A demonic crawler (D:8)
  4 spriggan berserkers
  7 deep elf knights
  7 hell knights
  An orc high priest (Elf:3)
  4 vampire magi
  2 naga sharpshooters (Snake:4)
  3 soul eaters
  A spriggan (Depths:4)
  3 sun demons
  A wretched star (WizLab)
  A fire crab (Lair:4)
  An iron troll (Depths:4)
  A salamander mystic (Snake:3)
  A skyshark (Lair:4)
  A sixfirhy (Depths:4)
  7 skeletal warriors
  A swamp dragon (Swamp:3)
  2 bog bodies (Crypt:1)
  A large abomination (Depths:2)
  A spriggan simulacrum (Crypt:2)
  4 flayed ghosts
  6 deep elf archers
  28 deep trolls
  A deep troll (shapeshifter) (Depths:1)
  6 glowing orange brains
  2 shadow demons
  7 arcanists
  An orange crystal statue (Vaults:1)
  2 lindwurms
  3 necromancers
  2 tengu zombies
  3 deep elf zephyrmancers
  13 ironbound convokers
  A salamander (Snake:2)
  3 phantasmal warriors
  A harpy (D:12)
  An orc knight (Vaults:5)
  3 deep elf pyromancers (Elf:3)
  A mana viper (Snake:3)
  A fire giant zombie (Depths:1)
  2 shining eyes
  23 ugly things
  A manticore (D:14)
  42 moths of wrath
  A worldbinder (Swamp:1)
  A guardian serpent (Snake:4)
  A fire giant skeleton (Depths:2)
  8 vault sentinels
  2 stone giant skeletons
  9 black mambas
  2 naga magi
  4 eyes of devastation
  2 smoke demons
  A hellion (D:3)
  8 cane toads
  3 orange demons
  19 yaktaurs
  2 unseen horrors
  7 rime drakes
  4 freezing wraiths
  2 komodo dragons
  2 tormentors
  A harpy zombie (D:12)
  5 polar bears
  2 hornets
  6 blink frogs (Lair:5)
  45 slime creatures
  2 glass eyes
  3 spriggan skeletons
  5 flying skulls (Crypt:2)
  4 wraiths
  3 wyverns
  A spriggan (shapeshifter) (Depths:3)
  2 vampires
  5 water elementals
  6 yaks
  A fire dragon skeleton (Crypt:2)
  2 fire bats (Depths:1)
  A nameless horror (Lair:5)
  Grum (D:8)
  3 golden eyes (Slime:5)
  2 basilisks
  2 vampire mosquitoes (Lair:5)
  A fire elemental (Elf:3)
  2 redbacks
  A black mamba skeleton (Crypt:1)
  A chaos spawn (Depths:1)
  2 harpy simulacra (Crypt:2)
  9 water moccasins
  4 nagas
  An acid dragon (D:12)
  14 orc warriors
  A deep troll simulacrum (Vaults:2)
  An ice beast (shapeshifter) (Depths:3)
  4 ice beasts
  A sky beast (D:6)
  3 black bears
  A human zombie (Vaults:1)
  4 ogres
  14 wolves
  2 centaurs (D:9)
  A phantom (D:4)
  Blork the orc (D:6)
  An elf zombie (Crypt:2)
  A brain worm (shapeshifter) (Vaults:5)
  A kobold brigand (D:10)
  3 necrophages
  7 bullfrogs
  A cyclops skeleton (Crypt:2)
  11 wights
  4 howler monkeys
  3 electric eels
  A shapeshifter skeleton (Crypt:1)
  3 hounds
  A gnoll bouda (D:9)
  8 orc priests
  2 jellies
  A sleepcap (D:5)
  4 iguanas
  Ijyb (D:4)
  14 orc wizards
  A deep dwarf zombie (Crypt:2)
  An ogre zombie (Crypt:1)
  5 gnolls (D:9)
  7 adders
  2 shadow imps
  2 white imps
  2 ufetubi (D:5)
  4 worms
  2 dart slugs
  63 orcs
  A bat (shapeshifter) (Vaults:5)
  7 endoplasms
  4 giant cockroaches
  15 goblins
  A hobgoblin (shapeshifter) (Vaults:5)
  11 hobgoblins
  7 jackals
  2 training dummies (Elf:3)
  4 ball pythons
  3 bats
  2 frilled lizards
  A goblin skeleton (Crypt:2)
  A jackal skeleton (Crypt:2)
  25 kobolds
  A rat (shapeshifter) (Vaults:5)
  6 rats
  2 foxfires (Swamp:3)
  A starspawn tentacle (WizLab)
1275 creatures vanquished.

Vanquished Creatures (collateral kills)
  An ancient lich (Zot:5)
  2 juggernauts
  Saint Roka (Snake:2)
  Frederick (Depths:3)
  A Killer Klown (Zot:5)
  Vashnia (Snake:2)
  A caustic shrike (Depths:3)
  Jory (Vaults:4)
  3 golden dragons
  the Enchantress (Depths:3)
  Norris (Depths:3)
  Jorgrun (Snake:1)
  Rupert (D:12)
  Mlioglotl (Snake:3)
  6 tentacled monstrosities
  A titan (Vaults:5)
  A moon troll (WizLab)
  9 acid blobs
  5 Orb Guardians (Zot:5)
  5 quicksilver dragons
  3 tentacled starspawn
  Kirke (D:12)
  Aizul (Snake:1)
  3 tengu reavers
  3 shadow dragons
  Donald (Swamp:4)
  Roxanne (Snake:2)
  The ghost of Atonecwu the Warrior, a journeyman MiFi of Makhleb (Swamp:1)
  9 rockslimes
  4 storm dragons
  A thorn hunter (Swamp:3)
  2 fenstrider witches
  9 nagarajas
  5 azure jellies
  5 draconian monks
  Louise (Snake:2)
  A draconian knight (Zot:3)
  2 frost giants
  A deep elf sorcerer (Elf:3)
  2 fire giants (Depths:3)
  2 draconian scorchers (Zot:2)
  10 vault wardens
  6 spriggan defenders
  A draconian shifter (Zot:2)
  An orc warlord (Orc:2)
  A ghoul (Crypt:2)
  A draconian annihilator (Zot:2)
  3 quicksilver oozes
  9 stone giants
  A war gargoyle (WizLab)
  The ghost of Kusum the Martial Artist, a journeyman DsFi of Okawaru (Orc:1)
  An ironbound thunderhulk (Vaults:1)
  5 green draconians
  9 formless jellyfish
  12 ironbound preservers
  15 very ugly things
  A vampire knight (D:12)
  A deep elf annihilator (Vaults:5)
  6 eleionomae
  Azrael (Snake:2)
  2 black draconians (Zot:2)
  3 yellow draconians
  3 white draconians
  9 dire elephants
  4 red draconians
  9 bunyips
  2 purple draconians (Zot:2)
  7 spark wasps
  3 deep elf death magi
  A jiangshi (Crypt:2)
  4 green deaths
  3 ettins
  A crystal guardian (WizLab)
  5 fire dragons
  2 shambling mangroves (Swamp:4)
  A yaktaur captain (Vaults:2)
  9 ice dragons
  9 great orbs of eyes
  A hell beast (Depths:1)
  An entropy weaver (Vaults:2)
  9 vault guards
  A rakshasa (Depths:1)
  15 hydras
  2 salamander tyrants (Snake:4)
  3 spriggan air magi
  2 ghost crabs
  A spriggan skeleton (Crypt:2)
  14 centaur warriors
  15 ironbound frosthearts
  6 alligators
  5 boulder beetles
  2 ogre magi
  16 anacondas
  24 dancing weapons
  3 death knights
  11 naga warriors
  A tengu warrior (D:14)
  A deep troll shaman (Depths:1)
  A hell hog (Depths:1)
  9 two-headed ogres
  A death yak (Lair:4)
  A vampire mage (Vaults:2)
  4 deep troll earth magi
  A thrashing horror (Swamp:4)
  21 naga sharpshooters
  5 shock serpents (Snake:4)
  4 spriggan berserkers
  A soul eater (Depths:1)
  An iron troll (Depths:4)
  6 orc high priests
  4 skysharks
  A hell knight (Depths:1)
  16 deep elf knights
  2 wretched stars
  A sun demon (Depths:2)
  An emperor scorpion zombie (Crypt:2)
  2 salamander mystics
  3 death drakes
  2 large abominations (Swamp:4)
  15 skeletal warriors
  5 spriggan druids
  6 swamp dragons
  An anaconda zombie (Crypt:2)
  5 goliath frogs
  3 glowing orange brains
  36 deep trolls
  9 deep elf archers
  2 orange crystal statues
  A phantasmal warrior (Crypt:2)
  4 harpies
  6 bog bodies
  9 necromancers
  4 ironbound convokers
  5 lindwurms
  9 naga ritualists
  11 nameless horrors
  A tengu zombie (Depths:1)
  31 ugly things
  11 orc knights
  31 deep elf pyromancers
  5 mana vipers
  24 deep elf zephyrmancers
  A tengu skeleton (Vaults:2)
  A fire giant zombie (Vaults:4)
  2 shining eyes
  7 orc sorcerers
  5 cyclopes
  7 will-o-the-wisps
  A human skeleton (Vaults:1)
  5 manticores
  19 salamanders
  11 moths of wrath
  3 elephants (Lair:5)
  A frost giant skeleton (Depths:1)
  4 vault sentinels
  A dire elephant zombie (Crypt:2)
  5 eyes of devastation
  26 black mambas
  7 kobold blastminers
  6 guardian serpents
  19 naga magi
  A storm dragon simulacrum (Vaults:4)
  An orange demon (Swamp:4)
  5 gargoyles
  Psyche (D:11)
  A torpor snail (Lair:5)
  2 hellions (Depths:2)
  10 rime drakes
  An unseen horror (D:11)
  16 cane toads
  8 freezing wraiths
  A cane toad (shapeshifter) (D:14)
  9 komodo dragons
  A kobold demonologist (D:12)
  17 yaktaurs
  A tengu conjurer (Depths:2)
  5 polar bears
  4 harpy zombies (D:12)
  7 trolls
  4 bloated husks
  A troll (shapeshifter) (D:14)
  9 tyrant leeches
  A wolf spider simulacrum (D:15)
  3 meliai (D:12)
  16 hornets
  2 ettin zombies
  A raiju (shapeshifter) (Elf:1)
  11 blink frogs (Lair:5)
  73 slime creatures
  A flying skull (Crypt:2)
  A spriggan (shapeshifter) (D:13)
  A centaur simulacrum (D:14)
  4 air elementals
  17 spriggans
  32 yaks
  3 shadows (Swamp:4)
  A ynoxinul (Depths:2)
  9 water elementals
  3 hogs (D:12)
  2 wyverns
  2 wraiths (D:12)
  5 vampires (D:12)
  4 starcursed masses (WizLab)
  4 basilisks
  A basilisk (shapeshifter) (D:14)
  7 fire elementals
  11 golden eyes
  A steam dragon (D:10)
  2 redbacks (Vaults:2)
  10 vampire mosquitoes
  A harpy simulacrum (Crypt:2)
  3 wargs
  An acid dragon (D:12)
  49 nagas
  An ogre zombie (Vaults:2)
  12 swamp worms
  2 hell hounds (Snake:2)
  A swamp drake (Swamp:2)
  9 water moccasins
  A black bear (Lair:4)
  47 orc warriors
  7 ogres
  A centaur (shapeshifter) (Elf:2)
  11 wolves
  3 centaurs (D:13)
  10 bullfrogs
  A naga simulacrum (Crypt:2)
  3 earth elementals
  A raiju zombie (Crypt:1)
  2 howler monkeys (D:12)
  4 electric eels
  A yak skeleton (Crypt:1)
  29 orc priests
  An iguana (shapeshifter) (Elf:1)
  16 orc wizards
  A statue (D:3)
  86 orcs
  A jackal (shapeshifter) (D:11)
  4 kobolds (D:12)
  A training dummy (Elf:3)
  7 foxfires
  A starspawn tentacle (WizLab)
1500 creatures vanquished.

Vanquished Creatures (others)
  A golden dragon (Zot:5)
  2 draconian knights
  An ironbound preserver (Vaults:2)
  2 vault guards
  2 hydras
  An ogre mage (Vaults:2)
  A deep elf knight (Elf:1)
  A deep troll (Vaults:3)
  A spriggan druid (Swamp:2)
  A swamp dragon (Swamp:3)
  A necromancer (Depths:1)
  A moth of wrath (Zot:4)
  A yaktaur (Vaults:3)
  A bloated husk (Swamp:1)
  An air elemental (Elf:1)
  A water elemental (Elf:3)
  2 humans (D:12)
  An orc (D:6)
  A quokka (D:6)
  775 foxfires
  44 snaplasher vines
  17 starspawn tentacles
859 creatures vanquished.

Grand Total: 3634 creatures vanquished

Notes
Turn   | Place    | Note
-------+----------+-------------------------------------------
     0 | D:1      | Wyvric the Naga Fire Elementalist began the quest for the
                  | Orb.
     0 | D:1      | Reached XP level 1. HP: 15/15 MP: 3/3
   264 | D:1      | Reached XP level 2. HP: 22/22 MP: 1/5
   416 | D:1      | Learned a level 2 spell: Scorch
  1244 | D:2      | Reached XP level 3. HP: 27/28 MP: 3/6
  1642 | D:2      | Found a faded altar of an unknown god.
  1894 | D:3      | Found an iron altar of Okawaru.
  2022 | D:3      | Found a snail-covered altar of Cheibriados.
  2034 | D:3      | Reached XP level 4. HP: 36/36 MP: 1/7
  2112 | D:3      | Became a worshipper of Cheibriados the Contemplative
  2236 | D:3      | Found a basalt altar of Yredelemnul.
  2451 | D:3      | Found a radiant altar of Vehumet.
  2451 | D:3      | Noticed a charred statue
  2524 | D:3      | Reached skill level 5 in Fire Magic
  3248 | D:4      | Noticed an ogre
  3266 | D:4      | Reached XP level 5. HP: 42/42 MP: 4/8
  3396 | D:4      | Reached skill level 5 in Stealth
  3397 | D:4      | Reached * piety under Cheibriados
  3679 | D:5      | Entered Level 5 of the Dungeon
  3679 | D:5      | Found a broken altar of Ashenzari.
  3765 | D:5      | Reached XP level 6. HP: 49/49 MP: 5/10
  3901 | D:4      | Reached skill level 1 in Fighting
  3976 | D:5      | Found a staircase to the Ecumenical Temple.
  3986 | D:5      | Noticed an ice beast
  3989 | D:5      | Killed an ice beast
  3992 | Temple   | Entered the Ecumenical Temple
  4043 | D:5      | Found a sacrificial altar of Ru.
  4072 | D:5      | Noticed a black bear
  4079 | D:5      | Killed a black bear
  4080 | D:5      | Reached XP level 7. HP: 60/60 MP: 4/11
  4086 | D:5      | Reached ** piety under Cheibriados
  4365 | D:5      | Found a blossoming altar of Fedhas.
  4546 | D:5      | Found a shimmering blue altar of Sif Muna.
  4691 | D:6      | Found a white marble altar of Elyvilon.
  4727 | D:6      | Learned a level 3 spell: Inner Flame
  5031 | D:6      | Noticed Blork the orc
  5055 | D:6      | Killed Blork the orc
  5056 | D:6      | Reached XP level 8. HP: 57/67 MP: 5/12
  6062 | D:4      | Reached skill level 5 in Fighting
  6828 | D:7      | Reached *** piety under Cheibriados
  6865 | D:7      | Reached XP level 9. HP: 82/82 MP: 11/14
  6942 | D:7      | Found a flagged portal.
  6950 | Bailey   | Entered a bailey
  7055 | Bailey   | Noticed an orc warlord
  7112 | Bailey   | Learned a level 3 spell: Volatile Blastmotes
  7290 | Bailey   | Reached **** piety under Cheibriados
  7301 | Bailey   | Reached skill level 5 in Spellcasting
  7301 | Bailey   | Reached skill level 1 in Evocations
  7482 | Bailey   | Found a runed translucent gate.
  7486 | Bailey   | Found a runed translucent gate.
  7487 | Bailey   | Found a runed translucent gate.
  8286 | D:7      | Learned a level 4 spell: Flame Wave
  8433 | D:7      | Learned a level 1 spell: Apportation
  8823 | D:7      | Found Kuyrghawi's Antique Weapon Boutique.
  8951 | D:8      | Noticed a polar bear
  8991 | D:8      | Noticed a hornet
  9001 | D:7      | Reached skill level 5 in Dodging
  9151 | D:8      | Killed a hornet
  9151 | D:8      | Noticed Grum
  9152 | D:8      | Reached XP level 10. HP: 59/91 MP: 14/17
  9155 | D:7      | Reached skill level 5 in Conjurations
  9429 | D:7      | Reached skill level 1 in Armour
  9557 | D:8      | Reached ***** piety under Cheibriados
  9663 | D:8      | Killed Grum
  9731 | D:8      | Found a staircase to the Lair.
  9955 | D:8      | Learned a level 4 spell: Summon Lightning Spire
 10154 | D:8      | Reached skill level 1 in Summonings
 10250 | D:8      | Found Vieruo's Assorted Antiques.
 10259 | D:8      | Bought a scroll of teleportation for 102 gold pieces
 10327 | D:9      | Reached skill level 1 in Air Magic
 10354 | D:9      | Found a stormy altar of Qazlal.
 10556 | D:9      | Identified the staff of Dyhurph Diana {+Blink rC+ Ice}
 10932 | D:9      | Found a staircase to the Orcish Mines.
 11739 | D:10     | Entered Level 10 of the Dungeon
 11744 | D:10     | Noticed a two-headed ogre
 11749 | D:10     | Killed a two-headed ogre
 11750 | D:10     | Reached skill level 5 in Summonings
 11750 | D:10     | Reached XP level 11. HP: 19/97 MP: 11/18
 12011 | D:10     | Noticed a two-headed ogre
 12019 | D:10     | Killed a two-headed ogre
 12670 | D:10     | Found a bloodstained altar of Trog.
 12779 | D:10     | Found a burning altar of Makhleb.
 12779 | D:10     | Noticed a cacodemon
 12869 | D:10     | Noticed a two-headed ogre
 12880 | D:10     | Killed a two-headed ogre
 13075 | D:11     | Noticed Psyche
 13142 | Lair:1   | Entered Level 1 of the Lair of Beasts
 14023 | Lair:1   | Identified the +0 helmet of the Transparent Grue {rF- Str+2
                  | Stlth+}
 14147 | Lair:1   | Identified the +7 short sword "Zovigh" {protect, rElec rF+
                  | Dex+3}
 14192 | Lair:1   | Noticed a catoblepas
 14214 | Lair:1   | Killed a catoblepas
 14697 | Lair:2   | Reached XP level 12. HP: 99/105 MP: 24/24
 14698 | Lair:2   | Reached ****** piety under Cheibriados
 14754 | Lair:2   | Identified a scroll of acquirement
 14763 | Lair:1   | Acquired the amulet of the Madman {RegenMP rC+}
 14780 | Lair:2   | Noticed a boulder beetle
 14793 | Lair:2   | Killed a boulder beetle
 14886 | Lair:2   | Reached skill level 1 in Invocations
 15057 | Lair:2   | Identified the +1 robe of Uskayaw's Respect {rF+ Stlth+}
 15133 | Lair:2   | Noticed Urug
 15442 | Lair:3   | Found a staircase to the Swamp.
 15692 | Lair:3   | Reached skill level 5 in Invocations
 15774 | Lair:3   | Noticed a four-headed hydra
 15779 | Lair:3   | Killed a four-headed hydra
 16019 | Lair:3   | Learned a level 5 spell: Summon Forest
 16170 | Lair:3   | Found a runed translucent door.
 16170 | Lair:3   | Noticed Tyvach's ghost (journeyman FoFi)
 16219 | Lair:3   | Identified the +9 spear "Kugaot" {flame, rF+ Stlth+}
 16320 | Lair:3   | Found a staircase to the Snake Pit.
 16755 | Lair:4   | Noticed a boulder beetle
 16782 | Lair:4   | Killed a boulder beetle
 16783 | Lair:4   | Reached skill level 10 in Summonings
 17131 | Lair:4   | Noticed a death yak
 17327 | Lair:4   | Noticed a skyshark
 17418 | Lair:4   | Killed a death yak
 17506 | Lair:5   | Entered Level 5 of the Lair of Beasts
 17604 | Lair:5   | Noticed an eight-headed hydra
 17623 | Lair:5   | Gained mutation: You can use your snake-like lower body to
                  | constrict enemies. [Naga growth]
 17623 | Lair:5   | Reached XP level 13. HP: 75/111 MP: 26/26
 17707 | Lair:5   | Learned a level 7 spell: Summon Hydra
 18724 | Lair:5   | Found a staircase to the Slime Pits.
 18815 | Lair:5   | Reached XP level 14. HP: 116/120 MP: 8/27
 19146 | Lair:5   | Reached skill level 15 in Summonings
 19337 | Lair:5   | Identified the +1 helmet of Ipid {Harm +Inv}
 20701 | Lair:2   | Urug changed into Urug the manticore
 20701 | Lair:2   | Noticed Urug
 20701 | Lair:2   | Killed Urug the manticore
 21641 | D:11     | Killed Psyche
 22494 | D:12     | Noticed Rupert
 22499 | D:12     | Killed Rupert
 23098 | D:12     | Reached XP level 15. HP: 126/126 MP: 26/28
 24057 | D:12     | Noticed Kirke
 24062 | D:12     | Killed Kirke
 24481 | Orc:1    | Entered Level 1 of the Orcish Mines
 24929 | Orc:1    | Found a runed translucent gate.
 24929 | Orc:1    | Found a runed translucent gate.
 24929 | Orc:1    | Found a runed translucent gate.
 24952 | Orc:1    | Noticed Kusum's ghost (journeyman DsFi)
 25165 | Orc:2    | Entered Level 2 of the Orcish Mines
 25441 | Orc:2    | Reached skill level 10 in Fighting
 26314 | Orc:2    | Found a staircase to the Elven Halls.
 26757 | Orc:2    | Found Raneciq's Book Boutique.
 26767 | Orc:2    | Found Ajemmetoc's Distillery.
 26773 | Orc:2    | Bought a potion of brilliance for 48 gold pieces
 27219 | Orc:2    | Noticed an orc warlord
 27230 | Orc:2    | Killed an orc warlord
 27410 | Orc:2    | Found Haxeu's Antique Weapon Shop.
 27615 | Orc:2    | Reached XP level 16. HP: 141/152 MP: 28/29
 27653 | Orc:2    | Found Iklia's Antique Armour Emporium.
 27915 | Orc:2    | Bought a crude leather armour for 175 gold pieces
 27915 | Orc:2    | Identified the +2 leather armour of Patience {Drain rElec
                  | Dex+5} (You bought it in a shop on level 2 of the Orcish
                  | Mines)
 29091 | D:13     | Reached skill level 5 in Evocations
 29403 | D:14     | Found a gate to the Vaults.
 29615 | D:14     | Reached skill level 10 in Spellcasting
 29730 | D:14     | Identified the +11 dagger of the Dwarven Hall {flame, rC++
                  | SInv}
 29782 | D:14     | Noticed a tengu reaver
 29793 | D:14     | Killed a tengu reaver
 29924 | D:14     | Identified the +7 mace of Fomp {flame, *Corrode +Blink
                  | Will++ Dex+4}
 29930 | D:14     | Identified the staff of Licygeosh {rF+ Dex+4 Fire}
 30207 | D:15     | Entered Level 15 of the Dungeon
 30323 | D:15     | Reached skill level 1 in Shields
 30446 | D:15     | Found Vupid's Weapon Boutique.
 30824 | D:15     | Found a staircase to the Depths.
 30828 | D:15     | Noticed Agnes
 30833 | D:15     | Killed Agnes
 31747 | Lair:3   | Killed Tyvach's ghost
 31748 | Lair:3   | Reached skill level 5 in Shields
 31818 | Swamp:1  | Entered Level 1 of the Swamp
 31844 | Swamp:1  | Found a transporter.
 31968 | Swamp:1  | Found a transporter.
 32816 | Swamp:1  | Noticed a tentacled starspawn
 32848 | Swamp:1  | Found a one-way gate to the infinite horrors of the Abyss.
 32848 | Swamp:1  | Noticed a tentacled monstrosity
 32848 | Swamp:1  | Noticed Atonecwu's ghost (journeyman MiFi)
 32919 | Swamp:2  | Reached XP level 17. HP: 159/159 MP: 23/32
 34163 | Swamp:3  | Reached skill level 10 in Shields
 34263 | Swamp:3  | Found an ancient bone altar of Kikubaaqudgha.
 34444 | Swamp:4  | Entered Level 4 of the Swamp
 34680 | Swamp:4  | Noticed Donald
 34686 | Swamp:4  | Killed Donald
 34973 | Swamp:4  | Noticed a tentacled monstrosity
 34977 | Swamp:4  | Killed a tentacled monstrosity
 35267 | Swamp:4  | Noticed a tentacled monstrosity
 35272 | Swamp:4  | Killed a tentacled monstrosity
 35273 | Swamp:4  | Reached XP level 18. HP: 150/168 MP: 12/33
 35836 | Swamp:4  | Got a decaying rune of Zot
 36149 | Swamp:1  | Killed a tentacled monstrosity
 36223 | Swamp:1  | Killed Atonecwu's ghost
 36414 | Swamp:1  | Identified the ring "Qisayptu" {Fire Will+}
 36505 | Snake:1  | Entered Level 1 of the Snake Pit
 36505 | Snake:1  | Identified the serpent talisman of Vemaweom {rElec Str-3
                  | Int+5}
 36505 | Snake:1  | Noticed Aizul
 36514 | Snake:1  | Killed Aizul
 36907 | Snake:1  | Found Pew Quatz's Assorted Antiques.
 36924 | Snake:1  | Found Qifymief's Distillery.
 36974 | Snake:1  | Found a transporter.
 36974 | Snake:1  | Found Cuomitih's Jewellery Boutique.
 37033 | Snake:1  | Found Onwunk's Specific Store.
 37036 | Snake:1  | Found Ydita's General Store.
 37039 | Snake:1  | Found Xaonepp's Antique Armour Shop.
 37051 | Snake:1  | Bought a pitted scale mail for 225 gold pieces
 37051 | Snake:1  | Identified the +0 scale mail of Vanity {rPois rC++ rN+
                  | Slay+2} (You bought it in a shop on level 1 of the Snake
                  | Pit)
 37077 | Snake:1  | Bought an embroidered cloak for 187 gold pieces
 37481 | Snake:1  | Found Kamyig's Distillery.
 37484 | Snake:1  | Noticed Jorgrun
 37491 | Snake:1  | Killed Jorgrun
 37492 | Snake:1  | Reached skill level 15 in Shields
 37594 | Snake:1  | Found a transporter.
 37865 | Snake:1  | Bought the ring of Azoabix {rElec Will+ Int+3} for 724 gold
                  | pieces
 37954 | Snake:2  | Found Amod's Magic Scroll Emporium.
 37986 | Snake:2  | Upgraded the game from 0.31-a0-1110-gab2881137f to
                  | 0.31-a0-1112-ga3593d9213
 38077 | Snake:2  | Noticed Vashnia
 38130 | Snake:2  | Killed Vashnia
 38131 | Snake:2  | Reached skill level 10 in Invocations
 38278 | Snake:2  | Found a runed translucent door.
 38313 | Snake:2  | Found Xoipautt's Distillery.
 38349 | Snake:2  | Found Enoryek's Armour Emporium.
 38499 | Snake:2  | Noticed Roxanne
 38728 | Snake:2  | Noticed Louise
 38732 | Snake:2  | Killed Louise
 38804 | Snake:2  | Found Oghaemyx's Jewellery Shop.
 38890 | Snake:2  | Noticed Saint Roka
 38899 | Snake:2  | Killed Saint Roka
 38953 | Snake:2  | Noticed Azrael
 38963 | Snake:2  | Killed Azrael
 39420 | Snake:3  | Reached XP level 19. HP: 153/175 MP: 4/34
 39528 | Snake:3  | Found a frozen archway.
 39607 | IceCv    | Entered an ice cave
 40048 | IceCv    | Learned a level 3 spell: Ozocubu's Armour
 40170 | IceCv    | Reached skill level 1 in Ice Magic
 41356 | Snake:3  | Noticed Mlioglotl
 42173 | Snake:3  | Killed Mlioglotl
 42524 | Snake:4  | Entered Level 4 of the Snake Pit
 42585 | Snake:4  | Reached skill level 5 in Ice Magic
 43384 | Snake:4  | Found Tyubeaqi's Distillery.
 43414 | Snake:4  | Reached skill level 10 in Evocations
 43417 | Snake:4  | Bought a potion of curing for 36 gold pieces
 43843 | Snake:4  | Reached XP level 20. HP: 155/183 MP: 13/36
 44225 | Snake:4  | Got a serpentine rune of Zot
 44437 | Snake:2  | Killed Roxanne
 44816 | D:4      | Noticed Ijyb
 44818 | D:4      | Killed Ijyb
 45075 | Orc:1    | Killed Kusum's ghost
 45277 | Elf:1    | Entered Level 1 of the Elven Halls
 45407 | Elf:1    | Learned a level 6 spell: Plasma Beam
 45412 | Elf:1    | Learned a level 4 spell: Vhi's Electric Charge
 45950 | Elf:1    | Paralysed by an air elemental for 1 turns
 46327 | Elf:1    | Reached skill level 5 in Air Magic
 46595 | Elf:1    | Paralysed by an air elemental for 1 turns
 47549 | Elf:2    | Paralysed by an air elemental for 1 turns
 47747 | Elf:2    | Found a runed translucent gate.
 47748 | Elf:2    | Found a runed translucent gate.
 47748 | Elf:2    | Found a runed translucent gate.
 48320 | Elf:2    | Reached XP level 21. HP: 190/190 MP: 25/39
 48878 | Elf:3    | Entered Level 3 of the Elven Halls
 48926 | Elf:3    | Reached skill level 10 in Fire Magic
 49600 | Elf:3    | Identified the +7 rapier "Nauts" {flame, Will+ MP+9 SInv
                  | Stlth+}
 49851 | Elf:3    | Identified the serpent talisman "Livir" {Dex+3}
 49899 | Elf:3    | Identified the +1 robe "Xacw" {rPois rF+ Dex-3 SInv}
 49970 | Elf:3    | Identified the +7 flail of the Yoke {venom, rC++ Str+3}
 50411 | Elf:3    | Got Wefan's Teachings on the Figure
 50446 | Elf:3    | Learned a level 7 spell: Spellforged Servitor
 50448 | Elf:3    | Identified the +0 pair of gloves of Veentypt {Will+ Int+3}
 50462 | Elf:3    | Got the Compilation of Gritty Voltage
 50543 | Elf:3    | Identified the +1 dagger "Fare" {venom, rPois rN+ MP-9
                  | Int+2}
 51050 | Vaults:1 | Entered Level 1 of the Vaults
 52028 | Vaults:1 | Reached skill level 10 in Air Magic
 52215 | Vaults:1 | Reached skill level 15 in Spellcasting
 52319 | Vaults:1 | Reached XP level 22. HP: 185/198 MP: 5/41
 53034 | Vaults:2 | Noticed Bai Suzhen
 53056 | Vaults:2 | Killed Bai Suzhen
 53500 | Vaults:2 | Found a staircase to the Crypt.
 53779 | Vaults:2 | Found Xazeasuumuro's Antique Armour Boutique.
 54589 | Vaults:3 | Found a magical portal.
 54605 | WizLab   | Entered Lehudib's Moon Base
 54653 | WizLab   | Found a transporter.
 54676 | WizLab   | Reached XP level 23. HP: 205/205 MP: 29/44
 55186 | WizLab   | Found a transporter.
 55940 | WizLab   | Got Lehudib's Parchment of Flashy Topography
 56393 | Vaults:3 | Identified the +4 halberd of the Crawling Thing {freeze,
                  | MP+9 Stlth+}
 57312 | Vaults:4 | Noticed Zenata
 57321 | Vaults:4 | Killed Zenata
 57565 | Vaults:4 | Reached skill level 15 in Fighting
 57763 | Vaults:4 | Noticed Jory
 57770 | Vaults:4 | Killed Jory
 58455 | Depths:1 | Entered Level 1 of the Depths
 58922 | Depths:1 | Reached skill level 10 in Conjurations
 59117 | Depths:1 | Found a gateway to Hell.
 59147 | Depths:1 | Found a one-way gateway to a ziggurat.
 59208 | Depths:1 | Found a sacrificial altar of Ru.
 59212 | Depths:1 | Learned a level 2 spell: Passwall
 59328 | Depths:1 | Reached skill level 5 in Armour
 59333 | Depths:1 | Reached XP level 24. HP: 212/225 MP: 29/45
 59821 | Depths:2 | Found a broken altar of Ashenzari.
 60345 | Depths:2 | Found a one-way gate leading to the halls of Pandemonium.
 60501 | Depths:2 | Learned a level 2 spell: Blink
 61073 | Depths:3 | Noticed Frederick
 61078 | Depths:3 | Killed Frederick
 61106 | Depths:3 | Noticed Norris
 61111 | Depths:3 | Killed Norris
 61582 | Depths:3 | Found a sacrificial altar of Ru.
 61583 | Depths:3 | Found a sacrificial altar of Ru.
 61592 | Depths:3 | Noticed the Enchantress
 61597 | Depths:3 | Killed the Enchantress
 61636 | Depths:3 | Found a white marble altar of Elyvilon.
 61849 | Depths:3 | Noticed a juggernaut
 61857 | Depths:3 | Killed a juggernaut
 61986 | Depths:3 | Noticed a caustic shrike
 61996 | Depths:3 | Killed a caustic shrike
 61997 | Depths:3 | Reached skill level 15 in Conjurations
 62228 | Depths:3 | Noticed a juggernaut
 62230 | Depths:3 | Killed a juggernaut
 62343 | Depths:3 | Reached skill level 15 in Air Magic
 62421 | Depths:3 | Reached XP level 25. HP: 232/232 MP: 38/45
 62931 | Depths:3 | Identified the +0 flail of Uskayaw's Grace {spect, rF+}
 62933 | Depths:3 | Identified the +12 battleaxe of Jucroy {flame, *Noise rN+
                  | Int+4 Dex+4}
 63273 | Depths:4 | Entered Level 4 of the Depths
 63466 | Depths:4 | Acquired 648 gold pieces
 63467 | Depths:4 | Acquired the +6 Majin-Bo {spellvamp, MP+6 Int+6}
 63467 | Depths:4 | Found the +6 Majin-Bo {spellvamp, MP+6 Int+6}
 63472 | Depths:4 | Acquired 501 gold pieces
 63644 | Depths:3 | Learned a level 9 spell: Chain Lightning
 63855 | Depths:4 | Found a stormy altar of Qazlal.
 64065 | Depths:4 | Found a gate to the Realm of Zot.
 64089 | Depths:4 | Noticed a juggernaut
 64529 | Depths:4 | Killed a juggernaut
 64636 | Depths:4 | Identified the amulet of Veosy {Reflect Slay+5 SH+5}
 65299 | Depths:4 | Identified the +1 scale mail of Tulips {*Corrode rN+++
                  | Dex-5 Stlth+}
 65913 | Crypt:1  | Entered Level 1 of the Crypt
 66153 | Crypt:1  | Noticed Sojobo
 66161 | Crypt:1  | Killed Sojobo
 66257 | Crypt:1  | Reached XP level 26. HP: 218/241 MP: 39/45
 66510 | Crypt:1  | Found an ancient bone altar of Kikubaaqudgha.
 67025 | Crypt:2  | Identified the ring "Foush" {Ice rCorr Dex+4}
 67025 | Crypt:2  | Noticed Josephina
 67028 | Crypt:2  | Killed Josephina
 67750 | Crypt:2  | Found a runed translucent door.
 67751 | Crypt:2  | Noticed Vaufon's ghost (veteran GrFi)
 67890 | Crypt:2  | Killed Vaufon's ghost
 68376 | Slime:1  | Entered Level 1 of the Pits of Slime
 69692 | Slime:4  | Paralysed by a formless jellyfish for 1 turns
 70662 | Slime:5  | Entered Level 5 of the Pits of Slime
 70682 | Slime:5  | Noticed the Royal Jelly
 70816 | Slime:5  | Gained mutation: Your body sometimes deteriorates upon
                  | taking damage. [a shining eye]
 71254 | Slime:5  | Killed the Royal Jelly
 71423 | Slime:5  | Identified the +3 war axe of Righteous Anger {freeze,
                  | Dex+3}
 71615 | Slime:5  | Identified the ring of Qiykon {Fly MP+9 SInv}
 71619 | Slime:5  | Got a slimy rune of Zot
 71622 | Slime:5  | Identified the staff of the Irksome God {rN+ Conj}
 71624 | Slime:5  | Identified the +6 short sword of Wonderful True Grit
                  | {venom, Fly Will++ rCorr Str+2}
 71776 | Slime:5  | Identified the ring "Awkustia" {rElec rF+ Will+ Str+3
                  | Slay+3}
 71992 | Slime:5  | Identified the +0 scale mail "Noquna" {rC+}
 72408 | Snake:2  | Bought the ring "Ajafoxec" {rN+ AC+4 Str+3} for 1070 gold
                  | pieces
 72452 | Snake:1  | Bought a tin of tremorstones (2/2) for 1160 gold pieces
 72452 | Snake:1  | Bought a potion of experience for 1450 gold pieces
 72452 | Snake:1  | Reached XP level 27. HP: 248/248 MP: 45/45
 72577 | D:8      | Bought a box of beasts for 1360 gold pieces
 72824 | Vaults:5 | Entered Level 5 of the Vaults
 72847 | Vaults:5 | Noticed an ancient lich
 72855 | Vaults:5 | Killed an ancient lich
 73972 | Vaults:5 | Found Xerhywin's Distillery.
 73983 | Vaults:5 | Bought a potion of magic for 152 gold pieces
 74454 | Vaults:5 | Got a silver rune of Zot
 74697 | Vaults:5 | Found Dar Gun's Book Boutique.
 74726 | Vaults:5 | Found Muskec's Distillery.
 75127 | Snake:2  | Bought a +0 kite shield of protection for 230 gold pieces
 75172 | Snake:1  | Bought a scroll of enchant armour for 217 gold pieces
 75189 | Snake:1  | Bought a potion of brilliance for 40 gold pieces
 75189 | Snake:1  | Bought a potion of brilliance for 40 gold pieces
 75189 | Snake:1  | Bought a potion of curing for 30 gold pieces
 75189 | Snake:1  | Bought a potion of curing for 30 gold pieces
 75531 | Vaults:5 | Bought 2 potions of curing for 84 gold pieces
 75531 | Vaults:5 | Bought a potion of heal wounds for 70 gold pieces
 75531 | Vaults:5 | Bought 2 potions of curing for 84 gold pieces
 75531 | Vaults:5 | Bought a potion of curing for 42 gold pieces
 75531 | Vaults:5 | Bought a potion of curing for 42 gold pieces
 75531 | Vaults:5 | Bought a potion of brilliance for 56 gold pieces
 75560 | Vaults:5 | Bought a potion of heal wounds for 95 gold pieces
 75560 | Vaults:5 | Bought a potion of heal wounds for 95 gold pieces
 75560 | Vaults:5 | Bought a potion of brilliance for 76 gold pieces
 75902 | Snake:1  | Bought a potion of heal wounds for 75 gold pieces
 75902 | Snake:1  | Bought a potion of heal wounds for 75 gold pieces
 75902 | Snake:1  | Bought a potion of curing for 45 gold pieces
 75948 | Snake:2  | Bought a potion of magic for 112 gold pieces
 75948 | Snake:2  | Bought a potion of magic for 112 gold pieces
 75948 | Snake:2  | Bought a potion of curing for 42 gold pieces
 75948 | Snake:2  | Bought a potion of curing for 42 gold pieces
 75948 | Snake:2  | Bought a potion of cancellation for 112 gold pieces
 76002 | Snake:1  | Bought a potion of curing for 39 gold pieces
 76002 | Snake:1  | Bought a potion of curing for 39 gold pieces
 76023 | Snake:1  | Bought a potion of curing for 87 gold pieces
 76023 | Snake:1  | Bought a scroll of fear for 116 gold pieces
 76023 | Snake:1  | Bought a potion of curing for 87 gold pieces
 76023 | Snake:1  | Bought a scroll of fog for 116 gold pieces
 76245 | Orc:2    | Bought a potion of magic for 96 gold pieces
 76245 | Orc:2    | Bought a potion of magic for 96 gold pieces
 76245 | Orc:2    | Bought a potion of cancellation for 96 gold pieces
 76689 | Zot:1    | Entered Level 1 of the Realm of Zot
 76921 | Zot:1    | Reached skill level 1 in Staves
 77211 | Zot:1    | Noticed Leown's ghost (legendary KoDe)
 77215 | Zot:1    | Found a runed translucent door.
 77460 | Zot:1    | Killed Leown's ghost
 78054 | Zot:2    | Paralysed by a Zot trap for 3 turns
 78070 | Zot:2    | Reached skill level 5 in Staves
 78668 | Zot:2    | Identified the +4 hand cannon "Onnas" {flame, Int+2}
 78994 | Zot:2    | Learned a level 2 spell: Sublimation of Blood
 79042 | Zot:3    | Reached skill level 1 in Necromancy
 80774 | Zot:4    | Reached skill level 5 in Necromancy
 80985 | Zot:4    | Noticed an orb of fire
 80989 | Zot:4    | Gained mutation: You are frail. (-10% HP) [an orb of fire]
 80990 | Zot:4    | Killed an orb of fire
 81077 | Zot:4    | Lost mutation: You are frail. (-10% HP) [potion of
                  | mutation]
 81077 | Zot:4    | Lost mutation: Your body sometimes deteriorates upon taking
                  | damage. [potion of mutation]
 81077 | Zot:4    | Gained mutation: You occasionally shout uncontrollably at
                  | your foes. [potion of mutation]
 81077 | Zot:4    | Gained mutation: You are occasionally teleported next to
                  | monsters. [potion of mutation]
 81078 | Zot:4    | Lost mutation: You are occasionally teleported next to
                  | monsters. [potion of mutation]
 81078 | Zot:4    | Lost mutation: You occasionally shout uncontrollably at
                  | your foes. [potion of mutation]
 81078 | Zot:4    | Gained mutation: Your body sometimes deteriorates upon
                  | taking damage. [potion of mutation]
 81078 | Zot:4    | Gained mutation: You are vulnerable to heat. (rF-) [potion
                  | of mutation]
 81078 | Zot:4    | Gained mutation: Your spells are a little harder to cast,
                  | but a little more powerful. [potion of mutation]
 81492 | Zot:4    | Found the +4 Cigotuvi's embrace {Corpsefed rMiasma Drain
                  | rN+}
 82233 | Zot:4    | Got Vetouheb's Quarto of The Black Sun
 82268 | Zot:5    | Entered Level 5 of the Realm of Zot
 82629 | Zot:5    | Reached skill level 10 in Staves
 83416 | Zot:5    | Noticed an ancient lich
 83420 | Zot:5    | Noticed an orb of fire
 83423 | Zot:5    | Killed an ancient lich
 83424 | Zot:5    | Gained mutation: You are frail. (-10% HP) [an orb of fire]
 83479 | Zot:5    | Killed an orb of fire
 83627 | Zot:5    | Lost mutation: Your spells are a little harder to cast, but
                  | a little more powerful. [potion of mutation]
 83627 | Zot:5    | Lost mutation: Your body sometimes deteriorates upon taking
                  | damage. [potion of mutation]
 83627 | Zot:5    | Lost mutation: You are frail. (-10% HP) [potion of
                  | mutation]
 83627 | Zot:5    | Gained mutation: You have a pair of small horns on your
                  | head. [potion of mutation]
 83627 | Zot:5    | Gained mutation: You are strong-willed. (Will+) [potion of
                  | mutation]
 83627 | Zot:5    | Gained mutation: You are partially covered in iridescent
                  | scales. (AC +2) [potion of mutation]
 83889 | Zot:5    | Noticed an orb of fire
 83894 | Zot:5    | Killed an orb of fire
 84012 | Zot:5    | Noticed an orb of fire
 84018 | Zot:5    | Killed an orb of fire
 84339 | Zot:5    | Noticed an orb of fire
 84339 | Zot:5    | Gained mutation: Your magical capacity is low. (-10% MP)
                  | [an orb of fire]
 84342 | Zot:5    | Noticed an ancient lich
 84347 | Zot:5    | Killed an orb of fire
 84350 | Zot:5    | Noticed an orb of fire
 84351 | Zot:5    | Noticed an orb of fire
 84353 | Zot:5    | Killed an ancient lich
 84354 | Zot:5    | Gained mutation: You are occasionally teleported next to
                  | monsters. [an orb of fire]
 84357 | Zot:5    | Gained mutation: You are clumsy. (Dex -2) [an orb of fire]
 84360 | Zot:5    | Killed an orb of fire
 84360 | Zot:5    | Gained mutation: You are weak. (Str -2) [an orb of fire]
 84361 | Zot:5    | Killed an orb of fire
 84364 | Zot:5    | Noticed an orb of fire
 84370 | Zot:5    | Noticed an orb of fire
 84381 | Zot:5    | Killed an orb of fire
 84387 | Zot:5    | Gained mutation: You are very clumsy. (Dex -4) [an orb of
                  | fire]
 84388 | Zot:5    | Killed an orb of fire
 84512 | Zot:5    | Noticed an ancient lich
 84553 | Zot:5    | Killed an ancient lich
 85553 | Zot:5    | Got the Orb of Zot
 85564 | Zot:5    | Noticed Kunnugy the pandemonium lord
 85797 | Depths:1 | Noticed Gigik the pandemonium lord
 86071 | D:9      | Reached skill level 15 in Evocations
 86244 | D:$      | Escaped with the Orb!

Illustrated notes

Levels and vault maps discovered:
D:1:      dpeg_arrival_rhombus, layout_loops_ring, serial_glass,
          glass_columns_a, glass_columns_a, minmay_tripent
D:2:      layout_rooms, shapermc_ecumenical_altar_venn
D:3:      layout_basic, amcnicky_altar_gilded, vehumet_statue, slow_altar_1,
          okawaru_trees_1
D:4:      layout_cave_pods, serial_column_ruins, column_ruins_hut,
          column_ruins_open_small, column_ruins_columns_T,
          column_ruins_columns_straight, column_ruins_grid_3,
          column_ruins_open_small_water, column_ruins_open_tiny, uniq_ijyb
D:5:      layout_rooms, nicolae_overflow_hidden_temple,
          mainiacjoe_overflow_small_starburst, fedhas_altar_decomposition,
          nicolae_sif_muna_little_library, minmay_temple_entry_water_ring
D:6:      layout_basic, elyvilon_altar_4, nicolae_figureground_pulse,
          uniq_blork_the_orc
D:7:      layout_loops_corners, serial_shops, shop, enter_bailey_3
D:8:      layout_cave_pools, hellmonk_lair_entry_icy, serial_shops,
          nicolae_shop_window_shopping, skrybe_limestone_x,
          serial_bayou_lagoon_a, uniq_grum
D:9:      layout_cave_pods, overflow_temple_1_default, david_orc_4
D:10:     layout_grid_maze, mainiacjoe_overflow_24_doors,
          makhleb_altar_promises_db
D:11:     minmay_chambers_of_sixes, layout_basic, lemuel_old_faithful,
          uniq_psyche
D:12:     bobbens_index_wilting_gardens, layout_rooms, minivault_14, uniq_kirke,
          uniq_rupert
D:13:     layout_irregular_city
D:14:     kennysheep_green_arena, layout_rooms, david_vaults_2,
          serial_park_tiny_1
D:15:     grunt_enter_depths_giant_problem, layout_long_grid, serial_bayou,
          serial_bayou_shore_b, serial_bayou_lake_a, serial_bayou_shore_a,
          serial_bayou_ford_a, serial_shops, nicolae_shop_scrapyard,
          amethyst_killhole, minivault_24, drop_trap, uniq_agnes
Temple:   eino_wide_crystal_templ
Lair:1:   layout_gridlike, st_stairs_12, guppyfry_lair_drakes
Lair:2:   layout_chaotic_city, infiniplex_staircase_pool, uniq_urug
Lair:3:   layout_long_grid, swamp_mist, alex1729_snake_entry_snake,
          ebering_ghost_funeral_grove, wad_woods_road_03, serial_bayou_shore_b,
          grunt_megastairs_1, serial_bayou_shore_b
Lair:4:   nzn_winding_woodlands_three_and_one
          [nzn_winding_woodlands_5x15_zeroes,
          nzn_winding_woodlands_5x15_lazy_stream,
          nzn_winding_woodlands_5x15_longhouse,
          nzn_winding_woodlands_center_diamonds], layout_cave_shapes,
          minmay_holes, infiniplex_staircase_pool_2
Lair:5:   minmay_lair_end_frog_pond, layout_regular_city,
          dpeg_slime_entry_corner, st_stairs_13, pond
Swamp:1:  layout_basic_swamp, gammafunk_ghost_abyssal_escape,
          hangedman_swamp_pad, swamp_pool_1_2, hangedman_swamp_diagram
Swamp:2:  nicolae_swamp_husk_halls, layout_falls_marsh,
          nicolae_swamp_reclaimed_castle
Swamp:3:  layout_basic_swamp, evilmike_swamp_ruin_rubble_2, grunt_ruined_hall,
          nicolae_swamp_long_stream
Swamp:4:  swamp_vile, layout_basic_swamp, nicolae_swamp_bunyip_nook, uniq_donald
Snake:1:  layout_misc_corridors, serial_shops, nicolae_shop_trees, shop,
          nicolae_shop_drivethru, nicolae_shop_tiny_glass, shop,
          nicolae_specific_store, nicolae_snake_gridmaze_swirls, uniq_jorgrun,
          uniq_aizul
Snake:2:  cheibrodos_toxic_ritual, layout_gridlike, serial_shops, shop,
          nicolae_shop_crystal, shop, nicolae_shop_waterfront,
          grunt_megastairs_2, uniq_roxanne, uniq_vashnia, uniq_azrael,
          uniq_louise, uniq_saint_roka
Snake:3:  layout_rooms, portal_ice_cave_entry_pillars_1,
          nicolae_snake_serpentine_hallways, grunt_megastairs_5, uniq_mlioglotl
Snake:4:  grunt_snake_rune_serpentine_throne, layout_rooms, serial_shops,
          nicolae_square_shop
Slime:1:  layout_caves
Slime:2:  cheibrodos_slime_lost_civilization_2, layout_caves
Slime:3:  layout_caves
Slime:4:  layout_caves
Slime:5:  slime_pit_nicolae_inversion
Orc:1:    layout_caves, biasface_ghost_orc_armoury
Orc:2:    pubby_orc_utopia
Elf:1:    minmay_the_grid_four_pointed_star
          [minmay_the_grid_triangle_9x9_minimal,
          minmay_the_grid_triangle_9x9_zippers_horizontal,
          minmay_the_grid_triangle_9x9_limited_checkers,
          minmay_the_grid_triangle_9x9_cache,
          minmay_the_grid_prize_four_corners], layout_loops_corners,
          hangedman_corner_corridor, serial_sigils_hangedman_quiver
Elf:2:    elven_hall_of_blades_hangedman_original [nicolae_blade_tridents],
          layout_loops_cross
Elf:3:    minmay_elf_hall_furrowed, layout_loops_cross,
          nicolae_elf_archery_training
Vaults:1: nicolae_vaults_closet_pinwheel_6, nicolae_vaults_door_testing_chamber,
          vaults_room_stairs_pillars, nicolae_vaults_storage_closets_1,
          hangedman_vaults_corner_blocks, vaults_dpeg_cross,
          nicolae_vaults_statue_guard, v_misc_27, nicolae_vaults_six-pack,
          vaults_dpeg_hooks, nicolae_vaults_doubleplus_tesselated,
          layout_vaults_ring
Vaults:2: vaults_room_grunt_arrival_checkpoint,
          nicolae_vaults_storage_room_water, minmay_crypt_entry_simple_round,
          nicolae_vaults_frosty_reception, nicolae_vaults_closet_pinwheel_1,
          v_alt_pattern_3, v_misc_32, vaults_room_door_hall,
          vaults_mumra_minichess, vaults_mumra_chevron_long,
          nicolae_vaults_trapezoid_1, layout_vaults_omnicross, serial_shops,
          shop, uniq_bai_suzhen
Vaults:3: infiniplex_enter_wizlab_glasses, ontoclasm_vaults_gateway, v_misc_3,
          nicolae_vaults_diamond_2, grunt_vaults_hallway_short,
          nicolae_vaults_shelves_hall, nicolae_vaults_offset_grid_hallway_2,
          vaults_standard_mumra_lines, nicolae_vaults_offset_grid_hallway_1,
          vaults_room_ringed_pool, nicolae_vaults_diamond_1,
          hangedman_vaults_slice, ontoclasm_vaults_tryst, layout_vaults_omnibox
Vaults:4: nicolae_vaults_windows_and_doors_thing,
          nicolae_vaults_ring_of_whatevers, grunt_vaults_funnel,
          nicolae_vaults_shrinking_rooms_2, v_misc_24,
          nicolae_vaults_shelves_hall, nicolae_vaults_wine_cellar,
          nicolae_vaults_house_1, layout_vaults_quadrants, uniq_zenata,
          uniq_jory
Vaults:5
Crypt:1:  layout_gridlike, basic_altar, serial_library_regret_index_closets,
          st_stairs_7, lemuel_upstairs_altar, grunt_crypt_arrival_webbed,
          uniq_sojobo
Crypt:2:  layout_misc_corridors, ebering_ghost_inner_flame, grunt_ministairs_4,
          nicolae_crypt_small_crypt, uniq_josephina
Depths:1: layout_gridlike, enter_ziggurat_a, abyss_entry_crystal,
          nicolae_ru_the_path_less_chosen, hellmouth_3, lemuel_nasty_fountain
Depths:2: dreamdust_hydra_shepherd, layout_basic, hangedman_coc_ice_floe,
          rand_demon_pan_entry_7, nicolae_ashenzari_skybound
Depths:3: hangedman_slaughterboxes, abyss_entry, hell_entry, uniq_norris,
          uniq_enchantress, uniq_frederick
Depths:4: lemuel_castle_with_subvaults [lemuel_castle_interior_carwin_2],
          layout_cave_shapes, hellmouth_1, nicolae_qazlal_scattered_showers,
          abyss_entry
Zot:1:    layout_misc_corridors, hellmonk_ghost_happy_afterlife
Zot:2:    layout_misc_corridors, zot_minivault_3, regret_index_zotdec_banners
Zot:3:    grunt_twist_and_shout, layout_onion_interference, zot_minivault_1
Zot:4:    dreamdust_black_sun_cult, layout_basic, st_stairs_11
Zot:5:    layout_basic

Skill      XL: |  1  2  3  4  5  6  7  8  9 10 11 12 13 14 15 16 17 18 19 20 21 22 23 24 25 26 27 |
---------------+----------------------------------------------------------------------------------+-----
Fire Magic     | 4 5 7 9 11 12 | 12.0
Stealth        | 4 6 7 8 9 |  9.0
Spellcasting   | 3 5 8 9 11 12 14 15 17 18 | 18.0
Fighting       | 2 6 12 15 17 | 17.7
Dodging        | 2 5 6 9 |  9.9
Evocations     | 2 3 6 11 12 15 | 15.0
Conjurations   | 4 6 7 9 10 15 18 23 | 23.0
Armour         | 3 5 6 |  6.0
Summonings     | 5 9 11 14 17 18 | 18.0
Air Magic      | 3 4 7 10 12 15 19 21 23 | 23.0
Invocations    | 6 9 12 | 12.0
Shields        | 7 13 15 | 15.0
Ice Magic      | 6 |  6.0
Staves         | 12 | 12.0
Necromancy     | 6 |  6.0

Action                     |  1- 3 |  4- 6 |  7- 9 | 10-12 | 13-15 | 16-18 | 19-21 | 22-24 | 25-27 || total
---------------------------+-------+-------+-------+-------+-------+-------+-------+-------+-------++-------
  Melee: Dagger            |    21 |       |       |    14 |       |       |       |       |       ||    35
         Short sword       |     9 |    42 |    25 |    16 |    42 |    13 |       |       |       ||   147
         Punch             |       |     1 |       |     2 |     2 |       |       |       |       ||     5
         Staff             |       |       |       |     1 |       |    26 |    41 |    10 |       ||    78
         Constrict         |       |       |       |       |    14 |    10 |    14 |    11 |     6 ||    55
         Rapier            |       |       |       |       |       |       |       |    39 |    14 ||    53
         Bo                |       |       |       |       |       |       |       |       |    51 ||    51
  Throw: Javelin           |       |       |       |       |       |       |     8 |       |       ||     8
         Boomerang         |       |       |       |       |       |       |     2 |       |       ||     2
   Cast: Foxfire           |    43 |    54 |   132 |   167 |     4 |    37 |    22 |       |       ||   459
         Scorch            |    14 |    16 |    64 |   152 |    52 |    34 |    24 |       |       ||   356
         Flame Wave        |       |       |     4 |    24 |    13 |       |    25 |       |     3 ||    69
         Volatile Blastmot |       |       |     1 |       |       |       |       |       |       ||     1
         Summon Lightning  |       |       |       |    44 |    86 |    44 |    39 |     2 |     5 ||   220
         Summon Forest     |       |       |       |    11 |    70 |    49 |    45 |    11 |    13 ||   199
         Summon Hydra      |       |       |       |       |   225 |   343 |   355 |   124 |    78 ||  1125
         Ozocubu's Armour  |       |       |       |       |       |       |     3 |       |     5 ||     8
         Plasma Beam       |       |       |       |       |       |       |    97 |   283 |   701 ||  1081
         Spellforged Servi |       |       |       |       |       |       |     6 |    81 |    71 ||   158
         Chain Lightning   |       |       |       |       |       |       |       |       |   195 ||   195
         Sublimation of Bl |       |       |       |       |       |       |       |       |    73 ||    73
         Blink             |       |       |       |       |       |       |       |       |     1 ||     1
         Passwall          |       |       |       |       |       |       |       |       |     1 ||     1
 Invoke: Slouch            |       |       |       |       |     4 |     7 |     1 |     1 |       ||    13
         Step From Time    |       |       |       |       |       |       |       |       |     4 ||     4
         Temporal Distorti |       |       |       |       |       |       |       |       |     1 ||     1
Ability: Spit Poison       |    10 |     7 |    10 |     5 |     1 |       |       |       |       ||    33
  Evoke: Wand              |       |       |    14 |     5 |    11 |    12 |    22 |    22 |    14 ||   100
         Phantom mirror    |       |       |       |       |     1 |     1 |     1 |     1 |     1 ||     5
         Lightning rod     |       |       |       |       |       |    13 |     9 |     5 |     4 ||    31
         Box of beasts     |       |       |       |       |       |       |       |       |     1 ||     1
    Use: Scroll            |       |     3 |     7 |     8 |     7 |    12 |    16 |     3 |    30 ||    86
         Potion            |       |       |     2 |     1 |       |     1 |     5 |     1 |    34 ||    44
   Stab: Sleeping          |     2 |     1 |     2 |       |       |       |       |       |       ||     5
         Distracted        |       |       |       |       |     2 |     5 |       |     2 |       ||     9
         Invisible         |       |       |       |       |       |       |       |       |     1 ||     1
 Armour: Robe              |    27 |       |       |       |       |       |       |       |       ||    27
         Leather armour    |     1 |    20 |    71 |   161 |   258 |   127 |       |       |       ||   638
         Scale mail        |       |       |       |       |       |    38 |   315 |    94 |       ||   447
         Troll leather arm |       |       |       |       |       |       |       |    52 |       ||    52
         Acid dragon scale |       |       |       |       |       |       |       |    42 |   626 ||   668
  Dodge: Dodged            |    14 |    19 |    49 |   150 |   201 |    68 |    76 |    53 |   156 ||   786
  Block: Kite shield       |       |       |       |       |       |   124 |       |       |   141 ||   265
         Tower shield      |       |       |       |       |       |    20 |   515 |   256 |   329 ||  1120

Table legend: (Time is in decaauts)
 A = Elapsed time spent in this place.
 B = Non-inter-level travel time spent in this place.
 C = Inter-level travel time spent in this place.
 D = Time resting spent in this place.
 E = Time spent auto-exploring this place.
 F = Levels seen in this place.
 G = Mean time per level.
                   A        B        C        D        E       F      G
               +--------+--------+--------+--------+--------+-----+--------+
         Total | 165644 | 142354 |  23290 |  12057 | 103673 |  58 | 2855.9 |
       Dungeon |  38534 |  30600 |   7934 |   3253 |  21257 |  15 | 2568.9 |
        Temple |      1 |      1 |      0 |      0 |      0 |   1 |    1.0 |
          Lair |  19477 |  15517 |   3960 |   1607 |  11157 |   5 | 3895.4 |
         Swamp |   8884 |   8300 |    584 |    542 |   6321 |   4 | 2221.0 |
     Snake Pit |  12927 |  10961 |   1966 |   1639 |   6197 |   4 | 3231.8 |
    Slime Pits |   8638 |   6622 |   2016 |     84 |   5856 |   5 | 1727.6 |
  Orcish Mines |   7421 |   6140 |   1281 |     53 |   4986 |   2 | 3710.5 |
   Elven Halls |  10300 |   9726 |    574 |    798 |   6831 |   3 | 3433.3 |
        Vaults |  17022 |  14938 |   2084 |    724 |  12421 |   5 | 3404.4 |
         Crypt |   4558 |   4204 |    354 |    164 |   3708 |   2 | 2279.0 |
        Depths |  14467 |  12640 |   1827 |    558 |  10197 |   4 | 3616.8 |
           Zot |  16754 |  16046 |    708 |   1363 |  12453 |   5 | 3350.8 |
        Bailey |   1266 |   1266 |      0 |    334 |      0 |   1 | 1266.0 |
      Ice Cave |   2576 |   2576 |      0 |    760 |    680 |   1 | 2576.0 |
        Wizlab |   2812 |   2812 |      0 |    176 |   1604 |   1 | 2812.0 |
               +--------+--------+--------+--------+--------+-----+--------+

Top non-repeatable levels by time:
   Zot:5: 6834 daAuts
   Orc:2: 5490 daAuts
  Lair:4: 4700 daAuts
  Lair:3: 4670 daAuts
Depths:3: 4591 daAuts
     D:9: 4472 daAuts
Depths:4: 4184 daAuts
 Snake:2: 4177 daAuts
   Elf:1: 3974 daAuts
Vaults:4: 3858 daAuts
     D:7: 3719 daAuts
    D:12: 3693 daAuts
  Lair:1: 3678 daAuts
Vaults:5: 3494 daAuts
Vaults:2: 3486 daAuts
